 Dungeon Crawl Stone Soup version 0.29-a0-40-g8eb35efe60 (webtiles) character file.

Game seed: 5819928657624015220

135415 Ajdolov the Destroyer (level 17, -4/108 HPs)
             Began as an Octopode Earth Elementalist on Feb 1, 2022.
             Was a High Priest of Vehumet.
             Killed from afar by a swamp worm (11 damage)
             ... with a harpoon shot
             ... on level 3 of the Swamp on Feb 2, 2022.
             The game lasted 02:19:45 (31012 turns).

Ajdolov the Destroyer (OpEE)                       Turns: 31012, Time: 02:19:46

Health: -4/108     AC:  1    Str:  8    XL:     17   Next: 19%
Magic:  20/49      EV: 30    Int: 31    God:    Vehumet [*****.]
Gold:   868        SH:  7    Dex: 14    Spells: 5/37 levels left

rFire   . . .      SeeInvis .   f - staff of conjuration
rCold   + . .      Faith    .   l - +2 buckler
rNeg    . . .      Spirit   .   (helmet restricted)
rPois   .          Reflect  .   M - amulet of magic regeneration
rElec   +          Harm     .   b - ring "Kemawn" {Fly rElec Stlth+}
rCorr   .          Rampage  .   H - ring of magical power
Will    ++...                   J - ring of wizardry
Stlth   ++++......              L - +4 ring of evasion
HPRegen 0.28/turn               P - ring of magical power
MPRegen 0.71/turn               R - +4 ring of evasion
                                C - +6 ring of intelligence
                                A - ring of Winter {rC+ Will+ EV+4 Dex+2}

@: flying
A: almost no armour, amphibious, 8 rings, camouflage 1, gelatinous body 1,
(nimble swimmer 1), tentacles
a: Renounce Religion


You were on level 3 of the Swamp.
You worshipped Vehumet.
Vehumet was extremely pleased with you.
You visited 5 branches of the dungeon, and saw 27 of its levels.
You also visited: Sewer.

You collected 2441 gold pieces.
You spent 1573 gold pieces at shops.

Inventory:

Missiles
 r - 2 throwing nets
Armour
 l - a +2 buckler (worn)
Magical Staves
 f - a staff of conjuration (weapon)
Jewellery
 b - the ring "Kemawn" (left tentacle) {Fly rElec Stlth+}
   (You found it on level 6 of the Lair of Beasts)

   [ring of flight]

   rElec:     It insulates you from electricity.
   Fly:       It grants you flight.
   Stlth:     It makes you more stealthy.
 g - a ring of see invisible
 A - the ring of Winter (on tentacle) {rC+ Will+ EV+4 Dex+2}
   (You found it on level 5 of the Dungeon)

   [ring of evasion]

   EV:        It affects your evasion (+4).
   Dex:       It affects your dexterity (+2).
   rC:        It protects you from cold.
   Will:      It increases your willpower.
 C - a +6 ring of intelligence (on tentacle)
 H - a ring of magical power (right tentacle)
 J - a ring of wizardry (on tentacle)
 L - a +4 ring of evasion (on tentacle)
 M - an amulet of magic regeneration (around mantle)
 P - a ring of magical power (on tentacle)
 R - a +4 ring of evasion (on tentacle)
 Y - a ring of willpower
Wands
 m - a wand of polymorph (16)
 x - a wand of iceblast (17)
 y - a wand of digging (9)
 B - a wand of paralysis (4)
 D - a wand of mindburst (3)
 E - a wand of charming (12)
 K - a wand of acid (9)
 N - a wand of flame (69)
Scrolls
 d - 8 scrolls of teleportation
 e - a scroll of silence
 i - 3 scrolls of magic mapping
 k - 4 scrolls of holy word
 p - 6 scrolls of enchant weapon
 q - 4 scrolls of vulnerability
 u - 4 scrolls of fog
 v - 5 scrolls of immolation
 w - a scroll of amnesia
 G - a scroll of fear
 O - 7 scrolls of identify
 T - a scroll of summoning
 U - 2 scrolls of enchant armour
Potions
 a - 2 potions of lignification
 c - 4 potions of cancellation
 j - 2 potions of might
 o - 7 potions of brilliance
 s - 3 potions of flight
 t - 13 potions of curing
 z - 6 potions of mutation
 F - a potion of resistance
 I - 8 potions of heal wounds
 Q - 3 potions of berserk rage
 S - 2 potions of attraction
 V - 2 potions of magic
 X - a potion of ambrosia {unknown}
 Z - 2 potions of invisibility


   Skills:
 + Level 7.3 Fighting
 - Level 11.0 Dodging
 - Level 2.6 Stealth
 - Level 6.0 Shields
 - Level 1.0 Unarmed Combat
 - Level 10.5 Spellcasting
 - Level 13.0 Conjurations
 - Level 6.0 Hexes
 + Level 5.2 Translocations
 + Level 10.6 Transmutations
 - Level 10.4 Fire Magic
 + Level 10.4 Air Magic
 - Level 10.1 Earth Magic


You had 5 spell levels left.
You knew the following spells:

 Your Spells              Type           Power      Damage    Failure   Level
a - Iskenderun's Battles  Conj           98%        2d14      1%          5
b - Stone Arrow           Conj/Erth      100%       3d13      1%          3
c - Fireball              Conj/Fire      46%        3d18      1%          5
d - Fulminant Prism       Conj/Hex       42%        3d20      1%          4
e - Iskenderun's Mystic   Conj/Tloc      83%        2d16      1%          4
f - Freezing Cloud        Conj/Ice/Air   38%        6-21      1%          5
g - Iron Shot             Conj/Erth      46%        9d9       1%          6

Your spell library contained the following spells:

 Spells                   Type           Power      Damage    Failure   Level
 Irradiate                Conj/Tmut      47%        3d29      1%          5
 Freeze                   Ice            64%        1d8       1%          1
 Sandblast                Erth           100%       2d20      1%          1
 Slow                     Hex            100%       N/A       1%          1
 Blink                    Tloc           96%        N/A       1%          2
 Ensorcelled Hibernation  Hex/Ice        68%        N/A       1%          2
 Passwall                 Tmut/Erth      57%        N/A       1%          2
 Scorch                   Fire           100%       2d10      1%          2
 Confusing Touch          Hex            52%        N/A       1%          3
 Dazzling Flash           Conj/Hex       100%       N/A       1%          3
 Frozen Ramparts          Ice            32%        1d5       1%          3
 Gell's Gravitas          Tloc           48%        N/A       1%          3
 Inner Flame              Hex/Fire       61%        N/A       1%          3
 Lesser Beckoning         Tloc           48%        N/A       1%          3
 Teleport Other           Tloc           48%        N/A       1%          3
 Airstrike                Air            34%        N/A       1%          4
 Cause Fear               Hex            26%        N/A       1%          4
 Flame Wave               Conj/Fire      93%        2d16      1%          4
 Hailstorm                Conj/Ice       71%        3d15      1%          4
 Petrify                  Tmut/Erth      69%        N/A       1%          4
 Summon Lightning Spire   Summ/Air       48%        N/A       1%          4
 Lightning Bolt           Conj/Air       46%        1d66      1%          5
 Silence                  Hex/Air        30%        N/A       1%          5
 Vampiric Draining        Necr           16%        2d7       4%          3
 Manifold Assault         Tloc           48%        N/A       5%          5
 Summon Mana Viper        Hex/Summ       34%        N/A       13%         5
 Summon Forest            Summ/Tloc      16%        N/A       16%         5
 Starburst                Conj/Fire      46%        6d13      1%          6
 Eringya's Noxious Bog    Tmut/Pois      24%        N/A       8%          6
 Storm Form               Tmut/Air       34%        N/A       17%         7
 Summon Cactus Giant      Summ           8%         N/A       91%         6
 Summon Hydra             Summ           8%         N/A       100%        7
 Discord                  Hex            26%        N/A       100%        8
 Dragon's Call            Summ           8%         N/A       100%        9


Dungeon Overview and Level Annotations

Branches:
Dungeon (15/15)            Temple (1/1) D:6            Lair (6/6) D:9
  Swamp (3/4) Lair:3        Snake (0/4) Lair:4        Slime (0/5) Lair:6
    Orc (2/2) D:10            Elf (0/3) Orc:2        Vaults (0/5) D:14
 Depths (0/4) D:15          Sewer (visited)

Altars:
Ashenzari
Cheibriados
Dithmenos
Elyvilon
Fedhas
Gozag
Hepliaklqana
Kikubaaqudgha
Makhleb
Nemelex Xobeh
Okawaru
Qazlal
Ru
Sif Muna
Trog
Uskayaw
Vehumet
Wu Jian
Xom
Yredelemnul
Zin
The Shining One
Beogh

Shops:
D:4 *   D:6 [   D:9 (   D:12 (   D:14 !   D:15 !!   Orc:2 *[=(

Annotations:
D:7 1 runed translucent door, Crazy Yiuf
Lair:1 3 runed translucent doors, Sosymneph's ghost, journeyman OpDe


Innate Abilities, Weirdness & Mutations

You cannot wear most types of armour.
You are amphibious.
You can wear up to eight rings at the same time.
Your skin changes colour to match your surroundings (Stealth+).
Your rubbery body absorbs attacks. (AC +1, EV +1)
((You are camouflaged when in or above water. (Stealth+)))
You have tentacles for arms and can constrict up to eight enemies at once.


Message History

Unknown command.
Casting: Iskenderun's Mystic Blast (safe; 1% risk of failure)
Confirm with . or Enter, or press ? or * to list all spells.
You feel a surge of power!
You erupt in a blast of force!
The mystic blast hits the spectral spriggan berserker.
The spectral spriggan berserker is moderately damaged.
The spectral spriggan berserker is knocked back by the mystic blast.
The mystic blast hits the swamp worm!
The swamp worm is almost dead.
The swamp worm is knocked back by the mystic blast.
The mystic blast hits the swamp worm.
The swamp worm is heavily wounded.
The swamp worm is knocked back by the mystic blast.
The swamp worm collides with the goliath frog!
The goliath frog is moderately wounded.
The swamp worm is heavily wounded.
The spectral death drake fades away!
The spectral eight-headed hydra is engulfed in freezing vapours.
Unknown command.
You feel better.
The spectral spriggan berserker fades away!
The swamp worm fires a harpoon shot at you.
The harpoon shot hits you!
* * * LOW HITPOINT WARNING * * *
You are yanked forward by the harpoon shot.
The goliath frog misses you. The swamp worm bites you!!
* * * LOW HITPOINT WARNING * * *
Found 9 gold pieces.
Found a stone staircase leading up.
Casting: Iskenderun's Mystic Blast (safe; 1% risk of failure)
Confirm with . or Enter, or press ? or * to list all spells.
You feel a surge of power!
You erupt in a blast of force!
The mystic blast hits the goliath frog!
The goliath frog is heavily wounded.
The goliath frog is knocked back by the mystic blast.
The mystic blast hits the swamp worm!
The swamp worm is almost dead.
The swamp worm is knocked back by the mystic blast.
The swamp worm fires a harpoon shot at you.
The harpoon shot hits you!
You die...

.≈≈≈≈≈. ≈≈≈≈.≈♣
≈≈≈.≈≈≈ $.≈≈§..
≈≈§.... ..≈...≈
♣≈≈w≈≈§≈.≈≈≈§.≈.≈≈
.F.§≈≈≈≈≈≈§♣≈.≈≈≈.
.≈≈≈≈.≈≈≈≈.≈≈≈.≈♣♣
≈≈≈♣≈.≈♣≈.§≈≈♣.≈.
♣≈≈≈.@≈>≈.≈w.♣
..≈..≈♣♣.≈≈≈§.♣
♣.≈≈.≈♣♣.≈≈§≈.♣♣
.<≈≈.(>≈≈§≈≈≈≈≈♣
♣.≈≈≈≈≈≈.≈..≈≈≈♣
.≈ ..§≈≈...♣...♣♣
♣ ...≈≈♣♣♣♣♣...♣
...♣.♣ ♣♣♣♣♣
♣....♣♣.≈...
♣♣.§.♣ .≈...


You could see a goliath frog and 2 swamp worms.

Vanquished Creatures
  Jorgrun (Swamp:1)
  A tentacled monstrosity (Swamp:1)
  Rupert (D:14)
  Frances (D:12)
  Kirke (Swamp:1)
  A fenstrider witch (Swamp:3)
  Louise (Swamp:1)
  2 orc warlords (Orc:2)
  3 ghouls (Swamp:1)
  Nessos (D:14)
  An eleionoma (Swamp:2)
  A bunyip (Swamp:1)
  A fire dragon (D:14)
  A shambling mangrove (Swamp:1)
  A great orb of eyes (D:14)
  3 boulder beetles
  22 hydras
  Erolcha (D:9)
  A ghost crab (Swamp:1)
  An ogre mage (D:15)
  A merfolk avatar (Lair:6)
  A spriggan air mage (Swamp:2)
  4 centaur warriors
  A catoblepas (D:15)
  4 two-headed ogres
  2 alligators (Swamp:1)
  11 death yaks
  A tengu warrior (D:14)
  A spriggan berserker (Swamp:2)
  2 orc high priests (Orc:2)
  4 skeletal warriors (D:13)
  2 sea snakes (Lair:6)
  4 swamp dragons
  2 wizards (D:15)
  A wolf spider zombie (D:15)
  Pikel (D:9)
  A bog body (Swamp:1)
  7 orc knights
  2 deep elf zephyrmancers (D:15)
  4 deep elf pyromancers
  4 orc sorcerers (Orc:2)
  A harpy (Lair:6)
  A necromancer (D:15)
  4 oklob plants (Lair:6)
  2 manticores (Lair:6)
  3 ugly things
  2 will-o-the-wisps
  8 elephants (Lair:6)
  6 cyclopes
  An ice statue (Lair:3)
  9 black mambas
  A naga mage (D:15)
  Maggie (D:7)
  An unseen horror (D:12)
  2 gargoyles
  12 komodo dragons
  19 cane toads
  9 rime drakes
  A freezing wraith (D:14)
  2 kobold demonologists (D:9)
  2 entropy weaver simulacra (Lair:3)
  2 ice devils (Lair:3)
  2 tengu conjurers (D:15)
  6 polar bears
  16 trolls
  2 bloated husks
  9 slime creatures
  3 meliai (D:13)
  9 hornets
  A troll (shapeshifter) (D:14)
  3 tyrant leeches
  25 blink frogs
  2 snapping turtles (Lair:6)
  2 dream sheep (D:8)
  4 spriggans
  2 vampires
  16 humans
  2 shadows
  A wraith (D:12)
  7 hogs (Swamp:1)
  8 wyverns
  29 yaks
  9 basilisks
  8 vampire mosquitoes
  3 steam dragons
  7 swamp worms
  A two-headed ogre zombie (D:10)
  A death yak simulacrum (Lair:3)
  A redback simulacrum (D:15)
  4 wargs (Orc:2)
  3 nagas (Lair:4)
  7 water moccasins
  An acid dragon (D:10)
  A meliai simulacrum (D:15)
  2 sky beasts (D:6)
  A swamp drake (Swamp:1)
  A hornet zombie (D:7)
  30 orc warriors
  A black bear (D:6)
  3 necrophages
  12 ogres
  20 wolves
  17 centaurs
  2 phantoms
  6 kobold brigands
  Blork the orc (D:6)
  7 bullfrogs
  A lemure (D:9)
  3 scorpions
  2 two-headed ogre simulacra (Lair:3)
  A wyvern zombie (D:7)
  3 cane toad simulacra (Lair:3)
  3 water moccasin zombies
  5 killer bees (D:10)
  2 troll zombies (D:10)
  5 wights
  4 electric eels
  10 howler monkeys
  3 centaur zombies
  15 orc priests
  6 bullfrog zombies (D:5)
  4 jellies
  2 hounds (D:6)
  A bullfrog skeleton (D:5)
  2 iguanas (D:5)
  7 hell rats (Lair:4)
  16 orc wizards
  2 troll simulacra (Lair:3)
  5 ogre zombies (D:10)
  A hound zombie (D:5)
  2 hound skeletons (D:5)
  4 gnolls (D:5)
  A howler monkey skeleton (D:5)
  3 howler monkey zombies (D:9)
  6 adders
  2 river rats (Sewer)
  A shadow imp (D:5)
  A white imp (Lair:3)
  An ufetubus (D:6)
  2 dart slugs
  4 worms (D:3)
  54 orcs
  9 bats
  8 endoplasms
  2 giant cockroaches
  10 goblins
  7 hobgoblins
  5 jackals
  23 kobolds
  6 quokkas
  4 ball pythons
  2 frilled lizards
  3 goblin zombies (D:10)
  3 hobgoblin skeletons (D:10)
  2 hobgoblin zombies (D:10)
  3 orc skeletons (D:10)
  14 orc zombies (D:10)
  5 rats
  A bush (Lair:6)
784 creatures vanquished.

Vanquished Creatures (others)
  Psyche (D:9)
  15 fulminant prisms
  100 fungi
  94 plants
  4 toadstools (D:6)
  3 withered plants (D:5)
217 creatures vanquished.

Grand Total: 1001 creatures vanquished

Notes
Turn   | Place    | Note
-------+----------+-------------------------------------------
     0 | D:1      | Ajdolov the Octopode Earth Elementalist began the quest for
                  | the Orb.
     0 | D:1      | Reached XP level 1. HP: 11/11 MP: 3/3
   372 | D:1      | Reached XP level 2. HP: 17/17 MP: 5/5
   848 | D:1      | Found a faded altar of an unknown god.
   936 | D:1      | Reached XP level 3. HP: 21/21 MP: 6/6
   940 | D:1      | Learned a level 3 spell: Stone Arrow
  1463 | D:2      | Reached skill level 1 in Conjurations
  1944 | D:2      | Reached XP level 4. HP: 27/27 MP: 7/7
  2101 | D:2      | Reached skill level 2 in Conjurations
  2398 | D:3      | Found a glowing drain.
  2414 | Sewer    | Entered a sewer
  2423 | Sewer    | Reached XP level 5. HP: 15/31 MP: 8/8
  2502 | Sewer    | Noticed a kobold brigand
  2548 | Sewer    | Killed a kobold brigand
  2549 | Sewer    | Reached skill level 3 in Conjurations
  2549 | Sewer    | Reached skill level 5 in Earth Magic
  2653 | Sewer    | Found a glowing silver altar of Zin.
  3050 | D:4      | Reached XP level 6. HP: 36/36 MP: 9/9
  3317 | D:4      | Found Lein's CLEARANCE SALE!.
  3758 | D:5      | Entered Level 5 of the Dungeon
  3796 | D:5      | Noticed a necrophage
  3850 | D:5      | Killed a necrophage
  3851 | D:5      | Reached skill level 1 in Fighting
  3946 | D:5      | Reached skill level 4 in Conjurations
  4104 | D:5      | Reached XP level 7. HP: 43/44 MP: 9/11
  4344 | D:5      | Reached skill level 5 in Conjurations
  4674 | D:5      | Reached XP level 8. HP: 51/52 MP: 3/13
  4676 | D:5      | Got Vuzitif's Handbook of Creative Enchantment
  4723 | D:5      | Reached skill level 6 in Conjurations
  4964 | D:5      | Identified the ring of Winter {rC+ Will+ EV+4 Dex+2}
  5372 | D:6      | Found a staircase to the Ecumenical Temple.
  5386 | Temple   | Entered the Ecumenical Temple
  5440 | Temple   | Became a worshipper of Vehumet
  5606 | D:6      | Noticed a cyclops
  5618 | D:6      | Killed a cyclops
  5619 | D:6      | Reached skill level 7 in Conjurations
  5737 | D:6      | Reached XP level 9. HP: 59/59 MP: 10/16
  5778 | D:6      | Found Veppy's Antique Armour Boutique.
  5973 | D:6      | Reached skill level 1 in Shields
  6315 | D:6      | Reached skill level 5 in Spellcasting
  6516 | D:6      | Reached skill level 8 in Conjurations
  6523 | D:6      | Noticed Blork the orc
  6536 | D:6      | Killed Blork the orc
  6796 | D:7      | Learned a level 2 spell: Blink
  6804 | D:7      | Learned a level 4 spell: Fulminant Prism
  6950 | D:7      | Reached skill level 1 in Hexes
  7038 | D:7      | Noticed a hornet
  7044 | D:7      | Killed a hornet
  7405 | D:7      | Noticed Maggie
  7416 | D:7      | Killed Maggie
  7417 | D:7      | Reached XP level 10. HP: 65/65 MP: 2/18
  7859 | D:7      | Found the +6 shillelagh "Devastator" {shatter}
  7865 | D:7      | Found a runed translucent door.
  7866 | D:7      | Noticed Crazy Yiuf
  8117 | D:8      | Reached * piety under Vehumet
  8117 | D:8      | Offered knowledge of Foxfire by Vehumet.
  8221 | D:8      | Reached skill level 5 in Hexes
  8313 | D:8      | Noticed a three-headed hydra
  8470 | D:8      | Noticed a two-headed ogre
  8475 | D:8      | Killed a two-headed ogre
  8854 | D:8      | Found a hide-covered altar of Uskayaw.
  9422 | D:8      | Killed a three-headed hydra
  9423 | D:8      | Reached skill level 5 in Shields
  9423 | D:8      | Reached skill level 1 in Translocations
  9567 | D:9      | Found Mygauwk's Weapon Boutique.
  9643 | D:9      | Noticed Psyche
  9758 | D:9      | Noticed Erolcha
  9773 | D:9      | Killed Erolcha
  9774 | D:9      | Reached skill level 9 in Conjurations
  9774 | D:9      | Reached XP level 11. HP: 70/70 MP: 6/21
  9888 | D:9      | Killed Psyche
 10002 | D:9      | Reached skill level 5 in Fighting
 10261 | D:9      | Noticed a two-headed ogre
 10265 | D:9      | Killed a two-headed ogre
 10394 | D:9      | Found a staircase to the Lair.
 10447 | D:9      | Noticed Pikel
 10452 | D:9      | Killed Pikel
 10659 | D:10     | Entered Level 10 of the Dungeon
 10736 | D:9      | Reached ** piety under Vehumet
 10904 | D:10     | Offered knowledge of Searing Ray by Vehumet.
 10916 | D:10     | Noticed a two-headed ogre
 10998 | D:9      | Learned a level 7 spell: Storm Form
 11173 | D:10     | Reached skill level 1 in Air Magic
 11326 | D:10     | Offered knowledge of Dazzling Flash by Vehumet.
 11430 | D:10     | Killed a two-headed ogre
 11430 | D:10     | Reached *** piety under Vehumet
 11780 | D:10     | Found a staircase to the Orcish Mines.
 11904 | D:10     | Offered knowledge of Iskenderun's Mystic Blast by Vehumet.
 11910 | D:10     | Learned a level 4 spell: Iskenderun's Mystic Blast
 12184 | Lair:1   | Entered Level 1 of the Lair of Beasts
 12211 | Lair:1   | Found a runed translucent gate.
 12215 | Lair:1   | Found a runed translucent gate.
 12222 | Lair:1   | Found a runed translucent gate.
 12342 | Lair:1   | Noticed Sosymneph's ghost (journeyman OpDe)
 12582 | Lair:1   | Reached XP level 12. HP: 80/80 MP: 22/22
 12623 | Lair:1   | Reached skill level 5 in Transmutations
 12685 | Lair:1   | Reached skill level 5 in Air Magic
 13563 | Lair:2   | Reached **** piety under Vehumet
 14129 | Lair:3   | Offered knowledge of Fireball by Vehumet.
 14357 | Lair:3   | Learned a level 5 spell: Fireball
 14370 | Lair:3   | Reached skill level 1 in Fire Magic
 14498 | Lair:3   | Noticed a boulder beetle
 14634 | Lair:3   | Noticed a seven-headed hydra
 14652 | Lair:3   | Killed a seven-headed hydra
 14936 | Lair:3   | Reached XP level 13. HP: 86/86 MP: 23/23
 14953 | Lair:3   | Reached skill level 5 in Fire Magic
 15034 | Lair:3   | Reached ***** piety under Vehumet
 15035 | Lair:3   | Reached skill level 5 in Dodging
 15301 | Lair:3   | Offered knowledge of Ozocubu's Refrigeration by Vehumet.
 15546 | Lair:3   | Found a staircase to the Swamp.
 16225 | Lair:4   | Reached skill level 10 in Conjurations
 16822 | Lair:4   | Found a staircase to the Snake Pit.
 16870 | Lair:4   | Reached XP level 14. HP: 92/92 MP: 15/25
 17657 | Lair:5   | Offered knowledge of Iskenderun's Battlesphere by Vehumet.
 17719 | Lair:5   | Learned a level 5 spell: Iskenderun's Battlesphere
 17963 | Lair:5   | You fall into a shaft and drop 1 floor!
 17963 | Lair:6   | Entered Level 6 of the Lair of Beasts
 17999 | Lair:6   | Reached skill level 10 in Fire Magic
 19039 | Orc:1    | Entered Level 1 of the Orcish Mines
 19124 | Orc:1    | You fall into a shaft and drop 1 floor!
 19124 | Orc:2    | Entered Level 2 of the Orcish Mines
 19124 | Orc:2    | Noticed an orc warlord
 19124 | Orc:2    | Found Kufeow's Antique Armour Shoppe.
 19161 | Orc:2    | Killed an orc warlord
 19603 | Orc:2    | Reached skill level 11 in Conjurations
 20122 | Orc:2    | Found Gimes's General Store.
 20155 | Orc:2    | Found a staircase to the Elven Halls.
 20637 | Orc:2    | Found Koowos's Jewellery Shoppe.
 20803 | Orc:2    | Found Iqucw's Antique Weapon Shop.
 20892 | Orc:2    | Noticed an orc warlord
 20949 | Orc:2    | Killed an orc warlord
 21312 | Orc:2    | Bought a scroll of amnesia for 49 gold pieces
 21348 | Orc:2    | Bought a +6 ring of intelligence for 760 gold pieces
 21464 | D:11     | Offered knowledge of Freezing Cloud by Vehumet.
 21472 | D:11     | Learned a level 5 spell: Freezing Cloud
 22106 | D:12     | Reached XP level 15. HP: 86/97 MP: 27/27
 22251 | D:12     | Noticed Frances
 22261 | D:12     | Killed Frances
 22262 | D:12     | Reached skill level 12 in Conjurations
 22300 | D:12     | Found Imeurast's Antique Weapon Shop.
 22822 | D:12     | Found a shadowy altar of Dithmenos.
 23044 | D:13     | You fall into a shaft and drop 2 floors!
 23044 | D:15     | Entered Level 15 of the Dungeon
 24785 | D:14     | Noticed Rupert
 24785 | D:14     | Noticed Nessos
 24785 | D:14     | Found a gate to the Vaults.
 24921 | D:14     | Offered knowledge of Iron Shot by Vehumet.
 25026 | D:14     | Killed Nessos
 25036 | D:14     | HP: 4/97 [poisoned by Nessos]
 25530 | D:14     | Killed Rupert
 25589 | D:14     | Reached skill level 13 in Conjurations
 25759 | D:14     | Found Hinugy's Distillery.
 25767 | D:14     | Bought a potion of curing for 42 gold pieces
 25767 | D:14     | Bought a potion of curing for 42 gold pieces
 25767 | D:14     | Bought a potion of heal wounds for 70 gold pieces
 25767 | D:14     | Bought a potion of curing for 42 gold pieces
 26019 | D:14     | Learned a level 6 spell: Iron Shot
 26462 | D:15     | Found Heeci's Distillery.
 26472 | D:15     | Bought a potion of curing for 48 gold pieces
 26472 | D:15     | Bought a potion of heal wounds for 80 gold pieces
 26472 | D:15     | Bought a potion of heal wounds for 80 gold pieces
 26784 | D:15     | Found Uxkemovy's Distillery.
 26789 | D:15     | Bought a potion of invisibility for 96 gold pieces
 26789 | D:15     | Bought 2 potions of curing for 72 gold pieces
 26789 | D:15     | Bought a potion of magic for 96 gold pieces
 26789 | D:15     | Bought a potion of cancellation for 96 gold pieces
 26864 | D:15     | Found a stormy altar of Qazlal.
 27012 | D:15     | Identified a scroll of acquirement
 27012 | D:15     | Acquired a staff of conjuration
 27113 | D:15     | Reached XP level 16. HP: 103/103 MP: 29/29
 27174 | D:15     | Found a staircase to the Depths.
 27648 | Lair:6   | Reached skill level 10 in Dodging
 27654 | Lair:6   | Offered knowledge of Conjure Ball Lightning by Vehumet.
 28179 | Lair:6   | Reached skill level 10 in Spellcasting
 28454 | Lair:6   | Found a staircase to the Slime Pits.
 28816 | Lair:6   | Identified the +8 trident of Xom's Hatred {venom, *Slow
                  | rF+++ Str-5 Int+3}
 28817 | Lair:6   | Identified the ring "Kemawn" {Fly rElec Stlth+}
 29215 | Swamp:1  | Entered Level 1 of the Swamp
 29222 | Swamp:1  | Noticed Kirke
 29227 | Swamp:1  | Reached skill level 10 in Transmutations
 29234 | Swamp:1  | Killed Kirke
 29979 | Swamp:1  | Noticed Louise
 29985 | Swamp:1  | Killed Louise
 30121 | Swamp:1  | Reached skill level 10 in Air Magic
 30213 | Swamp:1  | Noticed a tentacled monstrosity
 30220 | Swamp:1  | Killed a tentacled monstrosity
 30317 | Swamp:1  | Offered knowledge of Irradiate by Vehumet.
 30416 | Swamp:1  | Noticed Jorgrun
 30425 | Swamp:1  | Killed Jorgrun
 30426 | Swamp:1  | Reached XP level 17. HP: 108/108 MP: 21/31
 30653 | Swamp:2  | Reached skill level 10 in Earth Magic
 30767 | Swamp:2  | Reached skill level 1 in Unarmed Combat
 30982 | Swamp:2  | You are sucked into a shaft and drop 1 floor!
 30992 | Swamp:3  | Reached skill level 5 in Translocations
 31012 | Swamp:3  | Killed from afar by a swamp worm

Illustrated notes

Levels and vault maps discovered:
D:1:      psy_arrival_heroes, layout_loops_corners,
          dreamdust_ecumenical_altar_hidden_monk_grotto
D:2:      minmay_razor_zed, layout_basic, minmay_misc_feat_ornament
D:3:      layout_rooms, cheibrodos_sewer_entry_sluice
D:4:      layout_gridville, minmay_stone_trees_small, nicolae_shop_clearance
D:5:      layout_loops_corners, serial_undead, serial_undead_c, serial_undead_c,
          serial_undead_e, serial_undead_c, serial_undead_e, serial_undead_c,
          nicolae_concentric_dashed_squares_wild
D:6:      layout_cave_pods, minmay_temple_entry_overgrown, serial_shops, shop,
          minmay_statues_item, minmay_gold_behind_fungi, uniq_blork_the_orc
D:7:      layout_gridville, uniq_crazy_yiuf_cottage, uniq_maggie
D:8:      layout_basic, nicolae_uskayaw_dance_studio, hangedman_ranch
D:9:      layout_basic, dpeg_oklobed_lair, serial_shops,
          nicolae_shop_bloodbath_and_beyond, uniq_psyche, uniq_erolcha,
          uniq_pikel
D:10:     layout_rooms, zombieorc2_lemuel, small_statue_alley_a
D:11:     layout_roguey, serial_glass, glass_columns_b, glass_columns_b
D:12:     layout_loops_cross, serial_shops, nicolae_shop_statue_plus,
          nicolae_dithmenos_through_a_glass_darkly, uniq_frances
D:13:     layout_basic, special_room [special_room_orc], minmay_checkerbox
D:14:     layout_irregular_city, david_vaults_3, minmay_misc_feat_columns,
          serial_shops, nicolae_lakefront_shop
D:15:     grunt_enter_depths_magical_seal, layout_irregular_city,
          nicolae_qazlal_eye_of_the_storm, serial_shops, shop,
          nicolae_shop_hallway_plus
Temple:   kilobyte_greek_temple
Lair:1:   layout_chaotic_city, gammafunk_ghost_icy
Lair:2:   layout_chaotic_city
Lair:3:   dreamdust_isle_of_ice, layout_hall_layers, palyth_hydra_swamp_entry,
          serial_bayou_lagoon_a, infiniplex_staircase_pool_2
Lair:4:   statuecave_lemuel, layout_regular_city,
          minmay_snake_entry_guardpost_small, nicolae_quartered_pool_medium,
          hibernation_bobbens
Lair:5:   layout_cave_pods
Lair:6:   gammafunk_lair_ancient_temple, layout_cellular_growth,
          minmay_slime_entry_oklob_open, uniq_nessos
Swamp:1:  layout_basic_swamp, nicolae_swamp_orc_logging_accident, uniq_jorgrun,
          uniq_kirke, uniq_louise
Swamp:2:  nzn_winding_woodlands_cross [nzn_winding_woodlands_5x15_split_checker,
          nzn_winding_woodlands_5x15_longhouse,
          nzn_winding_woodlands_5x15_jagged,
          nzn_winding_woodlands_5x15_pathside_ponds,
          nzn_winding_woodlands_15x15_boxy_spiral], layout_basic_swamp,
          evilmike_swamp_ruin_house_3, infiniplex_staircase_pool
Swamp:3:  layout_falls_marsh, evilmike_swamp_ruin_house_5, swamp_pool4
Orc:1:    layout_caves, basic_altar
Orc:2:    grunt_orc_gardens, layout_caves, grunt_orc_garden, grunt_orc_garden,
          grunt_orc_garden, grunt_orc_garden

Skill      XL: |  1  2  3  4  5  6  7  8  9 10 11 12 13 14 15 16 17 |
---------------+----------------------------------------------------+-----
Earth Magic    | 4 5 6 7 9 10 | 10.1
Conjurations   | 1 2 3 4 5 7 8 9 10 11 13 | 13.0
Fighting       | 1 3 4 6 7 |  7.3
Spellcasting   | 3 4 5 6 7 8 9 10 | 10.5
Shields        | 3 5 6 |  6.0
Hexes          | 3 6 |  6.0
Translocations | 3 4 5 |  5.2
Transmutations | 4 7 9 10 | 10.6
Air Magic      | 4 6 7 8 10 | 10.4
Dodging        | 4 7 8 9 10 11 | 11.0
Fire Magic     | 4 9 10 | 10.4
Unarmed Combat | 1 |  1.0
Stealth        | |  2.6

Action                   |  1- 3 |  4- 6 |  7- 9 | 10-12 | 13-15 | 16-18 || total
-------------------------+-------+-------+-------+-------+-------+-------++-------
Melee: Unarmed           |    27 |       |       |       |       |       ||    27
       Constrict         |    17 |    22 |    21 |     6 |     8 |     1 ||    75
       Tentacles         |    12 |    23 |    24 |     8 |    29 |     2 ||    98
       Dagger            |    57 |   115 |    79 |    25 |    70 |       ||   346
       Punch             |       |     4 |     4 |       |     2 |       ||    10
       Staff             |       |       |       |       |       |     3 ||     3
 Cast: Sandblast         |     5 |    22 |    35 |    39 |       |       ||   101
       Stone Arrow       |       |     2 |    62 |   285 |   344 |    32 ||   725
       Fulminant Prism   |       |       |     1 |     8 |     6 |       ||    15
       Blink             |       |       |       |     2 |       |       ||     2
       Iskenderun's Myst |       |       |       |    29 |   153 |    37 ||   219
       Fireball          |       |       |       |    16 |   113 |    11 ||   140
       Freezing Cloud    |       |       |       |       |    90 |    67 ||   157
       Iskenderun's Batt |       |       |       |       |    11 |       ||    11
       Iron Shot         |       |       |       |       |    18 |   105 ||   123
Evoke: Wand              |       |       |     2 |       |     5 |       ||     7
  Use: Scroll            |       |       |       |    22 |    11 |     2 ||    35
       Potion            |       |       |       |       |     1 |     4 ||     5
 Stab: Sleeping          |    16 |    14 |     1 |     1 |       |       ||    32
       Distracted        |       |       |     1 |       |       |       ||     1
       Paralysed         |       |       |     1 |       |    14 |       ||    15
       Invisible         |       |       |       |       |     1 |       ||     1
Armor: Skin              |     7 |    10 |     5 |     3 |     2 |       ||    27
Dodge: Dodged            |    47 |    92 |    71 |    83 |   222 |    26 ||   541
Block: Buckler           |       |       |       |    28 |    51 |    16 ||    95

Table legend: (Time is in decaauts)
 A = Elapsed time spent in this place.
 B = Non-inter-level travel time spent in this place.
 C = Inter-level travel time spent in this place.
 D = Time resting spent in this place.
 E = Time spent auto-exploring this place.
 F = Levels seen in this place.
 G = Mean time per level.
                   A        B        C        D        E       F      G
               +--------+--------+--------+--------+--------+-----+--------+
         Total |  31040 |  29622 |   1418 |   6533 |  17105 |  28 | 1108.6 |
       Dungeon |  17974 |  17229 |    745 |   3435 |  10609 |  15 | 1198.3 |
        Temple |     94 |     55 |     39 |      0 |     40 |   1 |   94.0 |
          Lair |   8485 |   8001 |    484 |   1741 |   4587 |   6 | 1414.2 |
         Swamp |   1793 |   1764 |     29 |    655 |    734 |   3 |  597.7 |
  Orcish Mines |   2397 |   2278 |    119 |    681 |    986 |   2 | 1198.5 |
         Sewer |    294 |    294 |      0 |     21 |    149 |   1 |  294.0 |
               +--------+--------+--------+--------+--------+-----+--------+

Top non-repeatable levels by time:
    D:13: 1990 daAuts
     D:9: 1847 daAuts
  Lair:4: 1788 daAuts
   Orc:2: 1710 daAuts
  Lair:3: 1666 daAuts
     D:5: 1564 daAuts
     D:8: 1552 daAuts
  Lair:5: 1537 daAuts
  Lair:6: 1437 daAuts
 Swamp:1: 1430 daAuts
     D:6: 1415 daAuts
    D:14: 1401 daAuts
     D:1: 1294 daAuts
     D:7: 1183 daAuts
  Lair:2: 1095 daAuts
